 Dungeon Crawl Stone Soup version 0.19-a0-559-ga3d69d0 (webtiles) character file.

51 tyrsky the Gusty (level 3, -1/19 HPs)
             Began as a Tengu Air Elementalist on June 8, 2016.
             Slain by an ogre
             ... wielding a +0 giant club
              (8 damage)
             ... on level 4 of the Dungeon.
             The game lasted 00:06:59 (1089 turns).

tyrsky the Gusty (Tengu Air Elementalist)           Turns: 1089, Time: 00:07:00

Health: -1/19      AC:  2    Str:  8    XL:     3   Next: 81%
Magic:  4/7        EV: 12    Int: 16    God:
Gold:   97         SH:  0    Dex: 14    Spells: 3 memorised, 2 levels left

rFire  + . .     SeeInvis .     g - +2 dagger (speed)
rCold  . . .     Gourm    .     a - +0 robe
rNeg   . . .     Faith    .     (no shield)
rPois  .         Spirit   .     (helmet restricted)
rElec  .         Dismiss  .     (no cloak)
rCorr  .         Reflect  .     (no gloves)
SustAt .         Harm     .     (boots unavailable)
MR     .....                    (no amulet)
Stlth  ++........               (no ring)
                                d - ring of protection from fire

@: swift, repel missiles, very quick, not resistant to hostile enchantments,
unstealthy
A: beak, talons 3
a: no special abilities


You were on level 4 of the Dungeon.
You were hungry.

You visited 1 branch of the dungeon, and saw 4 of its levels.

You collected 97 gold pieces.

Inventory:

Hand Weapons
 g - a +2 dagger of speed (weapon)
Missiles
 k - a throwing net (quivered)
Armour
 a - a +0 robe (worn)
Jewellery
 d - a ring of protection from fire (left hand)
Scrolls
 e - a scroll of teleportation {unknown}
 f - a scroll of blinking {unknown}
 i - a scroll of fog {unknown}
 j - a scroll of magic mapping {unknown}
 l - a scroll of identify {unknown}
Potions
 h - 2 potions of mutation {unknown}
 n - 2 potions of curing {unknown}
Books
 b - a book of Air

   Spells                             Type                      Level
   a - Shock                          Conjuration/Air              1
   b - Swiftness                      Charms/Air                   2
   c - Repel Missiles                 Charms/Air                   2
   d - Static Discharge               Conjuration/Air              3
   e - Lightning Bolt                 Conjuration/Air              5
Comestibles
 c - 3 bread rations
 m - a meat ration
 o - 2 fruits
 q - a beef jerky


   Skills:
 - Level 2.1 Dodging
 - Level 2.0 Stealth
 + Level 2.5 Spellcasting
 + Level 3.0 Conjurations
 + Level 4.9 Air Magic


You had 2 spell levels left.
You knew the following spells:

 Your Spells              Type           Power        Failure   Level  Hunger
a - Shock                 Conj/Air       ##..         4%          1    #......
b - Repel Missiles        Chrm/Air       #.....       12%         2    ##.....
c - Swiftness             Chrm/Air       #.......     12%         2    ##.....


Dungeon Overview and Level Annotations

Branches:
Dungeon (4/15)             Temple (0/1) D:4

Altars:
Zin

Annotations:
D:4 Edmund


Innate Abilities, Weirdness & Mutations

You have a beak for a mouth.
You have claws for feet.


Message History

You start to feel a little slower.
Found 2 metallic blue potions.
Found a bread ration.
Edmund shouts!
You feel sluggish.
You see here 2 metallic blue potions.
Edmund hits you with a flail of pain.
You writhe in agony.
You start to feel a little faster.
Edmund zaps a wand.
Some rock shatters into small pieces.
It is a wand of digging.
You no longer feel sluggish.
Edmund hits you with a flail of pain.
You writhe in agony.
* * * LOW HITPOINT WARNING * * *
Edmund zaps a wand.
Some rock shatters into small pieces.
Edmund zaps a wand.
Some rock shatters into small pieces.
Edmund zaps a wand.
Some rock shatters into small pieces.
Casting: Swiftness
Confirm with . or Enter, or press ? or * to list all spells.
You feel quick. The ogre hits you with a giant club!
You die...

#.....@...).........#...
###.##.......##.....#...
#.......##.........
#........#...#...#.
#........#.........
#........#.#.#.#...
#.#.####...#.......
######.#O#..............
##......Q.........
##............#...#
#.................
#.................
#.................
#.....<.........##
.................#
.##............#.#
.≈≈≈≈≈≈≈≈≈....##..


You could see an ogre.

Vanquished Creatures
  An ooze (D:2)
  An orc (D:3)
  3 giant cockroaches
  3 goblins
  4 hobgoblins
  11 jackals
  4 kobolds
  A quokka (D:2)
  A ball python (D:2)
  5 bats
  3 giant newts
  2 rats
39 creatures vanquished.

Notes
Turn   | Place    | Note
--------------------------------------------------------------
     0 | D:1      | tyrsky the Tengu Air Elementalist began the quest for the Orb.
     0 | D:1      | Reached XP level 1. HP: 10/10 MP: 4/4
   151 | D:1      | Reached XP level 2. HP: 15/15 MP: 1/6
   155 | D:1      | Learned a level 2 spell: Repel Missiles
   549 | D:2      | Reached XP level 3. HP: 19/19 MP: 0/7
   553 | D:2      | Learned a level 2 spell: Swiftness
   650 | D:2      | Found a glowing silver altar of Zin.
  1031 | D:4      | Found a staircase to the Ecumenical Temple.
  1032 | D:4      | Noticed an ogre
  1036 | D:4      | Noticed Edmund
  1089 | D:4      | Slain by an ogre

Vault maps used:
D:1:      lemuel_arrival_muddy
D:2:      old_standard_altar, zin_treasury
D:3:      fedhas_altar_3, bloody_trog, ecumenical_altar_2, grunt_pakellas_salt,
          uniq_natasha
D:4:      grunt_qazlal_sundering, overflow_temple_1_default,
          minmay_temple_entry_glass, first_bread, lightli_minifort,
          uniq_grinder, uniq_edmund

Skill      XL: |  1  2  3 |
---------------+----------+-----
Conjurations   | 2 3 |  3.0
Dodging        | |  2.1
Stealth        | |  2.0
Spellcasting   | |  2.5
Air Magic      | |  4.9

Action                   || total
-------------------------++-------
Melee: Dagger            ||    18
       Peck              ||     3
       Kick              ||     1
Throw: Throwing net      ||     1
 Cast: Shock             ||    76
       Repel Missiles    ||     1
       Swiftness         ||     2
  Eat: Chunk             ||     1
Armor: Robe              ||    12
Dodge: Dodged            ||    20
